 Dungeon Crawl Stone Soup version 0.19.5 (webtiles) character file.

633 RUZZLEFAZAZZLE the Chopper (level 7, -1/61 HPs)
             Began as a Hill Orc Fighter on Apr 17, 2017.
             Slain by an orc
             ... wielding a +0 trident
              (2 damage)
             ... while paralysed
             ... on level 5 of the Dungeon.
             The game lasted 00:11:35 (2948 turns).

RUZZLEFAZAZZLE the Chopper (Hill Orc Fighter)       Turns: 2948, Time: 00:11:35

Health: -1/61      AC:  8    Str: 21    XL:     7   Next: 49%
Magic:  7/7        EV:  2    Int:  8    God:
Gold:   151        SH:  0    Dex: 10    Spells: 0 memorised, 6 levels left

rFire  + . .     SeeInvis .     a - +1 war axe
rCold  . . .     Gourm    .     b - +0 scale mail
rNeg   . . .     Faith    .     c - +0 shield
rPois  .         Spirit   .     (no helmet)
rElec  .         Reflect  .     (no cloak)
rCorr  .         Harm     .     m - +0 pair of gloves
MR     .....                    (no boots)
Stlth  ..........               (no amulet)
                                (no ring)
                                (no ring)

@: paralysed, lethally poisoned (-1 -> -2), exhausted, slowed
A: fire resistance 1
a: Convert to Beogh


You were on level 5 of the Dungeon.
You were not hungry.

You visited 1 branch of the dungeon, and saw 5 of its levels.

You collected 151 gold pieces.

Inventory:

Hand Weapons
 a - a +1 war axe (weapon)
 g - a +0 shortbow
Missiles
 p - 17 arrows
Armour
 b - a +0 scale mail (worn)
 c - a +0 shield (worn)
 m - a +0 pair of gloves (worn)
Jewellery
 o - a +1 ring of slaying {unknown}
Wands
 j - a wand of slowing (19/48)
 l - a wand of digging (10/24)
Scrolls
 e - a scroll of blinking
 n - 3 scrolls of identify
Potions
 d - 3 potions of might
 k - a potion of resistance
 r - 2 potions of berserk rage
Comestibles
 f - 3 bread rations
 h - a meat ration
 i - 5 chunks of flesh


   Skills:
 + Level 5.5 Fighting
 * Level 7.2 Axes
 + Level 4.9 Armour
 + Level 5.0 Shields


You had 6 spell levels left.
You didn't know any spells.

Dungeon Overview and Level Annotations

Branches:
Dungeon (5/15)
 Temple: D:4-7

Altars:
Cheibriados
Dithmenos
Vehumet


Innate Abilities, Weirdness & Mutations

Your flesh is heat resistant. (rF+)


Message History

The orc priest threatens, "By the altar or by the axe, you will meet Beogh!"
The orc priest is moderately wounded.
You slash the orc wizard!
You kill the orc wizard!
Your Shields skill increases to level 5!
You slice the orc!!
You kill the orc!
You block the orc's attack.
You closely miss the orc priest.
The orc priest is moderately wounded.
You are no longer berserk.
You pass out from exhaustion.
You feel yourself slow down. The orc priest hits you with a whip.
* * * LOW HITPOINT WARNING * * *
The orc hits you but does no damage.
* * * LOW HITPOINT WARNING * * *
You feel sick.
The orc priest hits you but does no damage.
The orc hits you from afar with a trident.
You die...

.... ####### ....
#.....# .....
#.##### .....## #.#
....... #+# #.#
.......##.######.#
.....o))...(.....###
......o@...........#
...####.).########.#
#...).....# #.#
#...).....# #.#
#.........# #.#
#.........# #.#
#####.....# #.#
############ #.#
#......# #.#


You could see an orc priest and an orc.

Vanquished Creatures
  2 centaurs (D:5)
  2 scorpions (D:5)
  An orc priest (D:5)
  2 orc wizards (D:5)
  A bullfrog skeleton (D:5)
  An iguana (D:5)
  Natasha (thrice) (D:3)
  A worker ant (D:4)
  6 adders
  An adder skeleton (D:4)
  2 worms (D:3)
  2 dart slugs
  2 leopard geckos
  7 orcs
  3 bats
  10 goblins
  13 hobgoblins
  2 quokkas (D:2)
  A ball python (D:2)
  4 frilled lizards
  5 kobolds
  A leopard gecko skeleton (D:4)
  10 rats
82 creatures vanquished.

Notes
Turn   | Place    | Note
-------+----------+-------------------------------------------
     0 | D:1      | RUZZLEFAZAZZLE the Hill Orc Fighter began the quest for the Orb.
     0 | D:1      | Reached XP level 1. HP: 19/19 MP: 1/1
    28 | D:1      | Reached skill level 3 in Axes
   146 | D:1      | Reached XP level 2. HP: 24/27 MP: 2/2
   424 | D:1      | Reached skill level 4 in Axes
   424 | D:1      | Reached XP level 3. HP: 33/33 MP: 3/3
   720 | D:2      | Found a shadowy altar of Dithmenos.
   847 | D:2      | Found a radiant altar of Vehumet.
  1383 | D:3      | Reached XP level 4. HP: 33/40 MP: 4/4
  1464 | D:3      | Noticed Natasha
  1485 | D:3      | Killed Natasha
  1710 | D:3      | Reached skill level 5 in Axes
  1738 | D:3      | Noticed Natasha
  1741 | D:3      | Killed Natasha
  1741 | D:3      | Reached XP level 5. HP: 24/46 MP: 5/5
  1971 | D:3      | Noticed Natasha
  1976 | D:3      | Killed Natasha
  2245 | D:3      | Gained mutation: Your flesh is heat resistant. (rF+) [potion of mutation]
  2290 | D:4      | Found a snail-covered altar of Cheibriados.
  2683 | D:4      | Reached XP level 6. HP: 40/53 MP: 6/6
  2861 | D:5      | Entered Level 5 of the Dungeon
  2894 | D:5      | Reached skill level 5 in Fighting
  2894 | D:5      | Reached skill level 6 in Axes
  2935 | D:5      | Reached XP level 7. HP: 29/61 MP: 7/7
  2939 | D:5      | Reached skill level 7 in Axes
  2946 | D:5      | Reached skill level 5 in Shields
  2947 | D:5      | HP: 2/61 [orc priest/whip (2)]
  2948 | D:5      | Slain by an orc

Skill      XL: |  1  2  3  4  5  6  7 |
---------------+----------------------+-----
Axes           | 3 4 5 6 7 |  7.2
Fighting       | 4 5 |  5.5
Armour         | 4 |  4.9
Shields        | 4 5 |  5.0

Action                   |  1- 3 |  4- 6 |  7- 9 || total
-------------------------+-------+-------+-------++-------
Melee: War axe           |   137 |   125 |    10 ||   272
  Use: Potion            |       |     7 |       ||     7
       Scroll            |       |     4 |       ||     4
  Eat: Chunk             |     2 |     5 |       ||     7
Armor: Scale mail        |    49 |    44 |     4 ||    97
Dodge: Dodged            |    50 |    27 |     3 ||    80
Block: Shield            |    70 |    63 |     6 ||   139
